 Dungeon Crawl Stone Soup version 0.30-a0-913-g9934a0ce24 (webtiles) character file.

Game seed: 7416895916574715751

868 cforsyth the Shield-Bearer (level 8, -3/61 HPs)
             Began as a Human Wanderer on Mar 19, 2023.
             Slain by an ogre
             ... wielding a +0 giant spiked club
              (12 damage)
             ... on level 5 of the Dungeon.
             The game lasted 00:10:04 (6304 turns).

cforsyth the Shield-Bearer (Human Wanderer)         Turns: 6304, Time: 00:10:05

Health: -3/61      AC:  7    Str: 12    XL:     8   Next: 23%
Magic:  9/9        EV: 12    Int: 10    God:
Gold:   248        SH:  8    Dex: 18    Spells: 9/9 levels left

rFire   . . .      SeeInvis .    g - +1 dagger (vamp)
rCold   . . .      Faith    .    f - +2 buckler
rNeg    . . .      Spirit   .    z - +0 ring mail
rPois   .          Reflect  .    c - +0 helmet
rElec   .          Rampage  .    (no cloak)
rCorr   .                        (no gloves)
Will    .....                    y - +0 pair of boots
Stlth   +                        (no amulet)
HPRegen 0.30/turn                (no ring)
MPRegen 0.11/turn                (no ring)

@: no status effects
A: no striking features
a: no special abilities


You were on level 5 of the Dungeon.
You visited 1 branch of the dungeon, and saw 5 of its levels.

You collected 248 gold pieces.

Inventory:

Hand Weapons
 a - a +0 dagger
 g - a +1 vampiric dagger (weapon)
 o - a +0 hand axe of flaming
Armour
 c - a +0 helmet (worn)
 e - a +0 leather armour
 f - a +2 buckler (worn)
 y - a +0 pair of boots (worn)
 z - a +0 ring mail (worn)
Jewellery
 q - a ring of resist corrosion
 w - a ring of protection from fire
Wands
 x - a wand of polymorph (13)
 D - a wand of mindburst (14)
Scrolls
 b - 2 scrolls of vulnerability
 d - 2 scrolls of immolation {unknown}
 h - 2 scrolls of teleportation {unknown}
 j - 6 scrolls of identify {unknown}
 m - a scroll of amnesia {unknown}
 n - a scroll of magic mapping {unknown}
 r - 4 scrolls of noise {unknown}
 t - 4 scrolls of blinking {unknown}
 C - a scroll of enchant weapon {unknown}
Potions
 i - a potion of curing
 k - 2 potions of invisibility {unknown}
 l - a potion of heal wounds {unknown}
 p - a potion of brilliance
 s - 2 potions of lignification {unknown}
 u - a potion of attraction {unknown}
 v - a potion of might {unknown}
 A - a potion of flight {unknown}
 B - a potion of degeneration {unknown}


   Skills:
 + Level 4.8 Fighting
 + Level 1.8 Long Blades
 - Level 1.6 Armour
 + Level 4.7 Dodging
 - Level 1.0 Stealth
 + Level 5.7 Shields
 - Level 2.0 Unarmed Combat
 - Level 1.0 Spellcasting


You had 9 spell levels left.
You didn't know any spells.
Your spell library was empty.

Dungeon Overview and Level Annotations

Branches:
Dungeon (5/15)             Temple (0/1) D:5

Altars:
Kikubaaqudgha
Makhleb


Message History

The ogre is lightly wounded.
The ogre hits you with a +0 giant spiked club!!
You hit the ogre.
The ogre is moderately wounded.
You block the ogre's attack.
You hit the ogre.
The ogre is moderately wounded.
You hit the ogre.
You feel better.
The ogre is heavily wounded.
The ogre hits you with a +0 giant spiked club!
You are too injured to fight recklessly!
You are too injured to fight recklessly!
You are too injured to fight recklessly!
You are too injured to fight recklessly!
You are too injured to fight recklessly!
You are too injured to fight recklessly!
You are too injured to fight recklessly!
You are too injured to fight recklessly!
You are too injured to fight recklessly!
You are too injured to fight recklessly!
You are too injured to fight recklessly!
You are too injured to fight recklessly!
You hit the ogre but do no damage.
The ogre is heavily wounded.
You block the ogre's attack.
You hit the ogre.
You feel better.
The ogre is heavily wounded.
You hit the ogre.
The ogre is severely wounded.
The ogre hits you with a +0 giant spiked club!!
* * * LOW HITPOINT WARNING * * *
You hit the ogre but do no damage.
The ogre is severely wounded.
You hit the ogre.
The ogre is severely wounded.
The ogre completely misses you.
You hit the ogre.
You feel better.
The ogre is almost dead.
The ogre hits you with a +0 giant spiked club!
You die...

.#.........##
#....
..........##
##...
.....<..#.#
##..
###......##
##.
....##....##
##
....#####..###
# ....#
###..### ##
...## ###..###
##. ..##
##..@# ##..
### ###.O....#
##..# #
###....#
####...# #
....#
##....... #
###.##.######.
# #### ##


You could see an ogre.

Vanquished Creatures
  A black bear (D:4)
  A centaur (D:5)
  A phantom (D:5)
  2 scorpions
  6 hounds
  An orc priest (D:4)
  2 iguanas
  5 adders
  2 worms
  4 dart slugs
  10 orcs
  9 ball pythons
  6 endoplasms
  4 giant cockroaches
  6 goblins
  7 hobgoblins
  7 jackals
  5 kobolds
  3 quokkas
  5 bats
  5 frilled lizards
  6 rats
98 creatures vanquished.

Vanquished Creatures (collateral kills)
  A scorpion (D:5)
  A hound (D:5)
2 creatures vanquished.

Vanquished Creatures (others)
  A plant (D:5)
1 creature vanquished.

Grand Total: 101 creatures vanquished

Notes
Turn   | Place    | Note
-------+----------+-------------------------------------------
     0 | D:1      | cforsyth the Human Wanderer began the quest for the Orb.
     0 | D:1      | cforsyth set off with the following items: a +0 dagger, a
                  | scroll of vulnerability, a +0 helmet, a scroll of
                  | summoning, a +0 leather armour, a +2 buckler.
     0 | D:1      | Reached XP level 1. HP: 15/15 MP: 2/2
   107 | D:1      | Reached XP level 2. HP: 9/21 MP: 3/3
   299 | D:1      | Reached XP level 3. HP: 26/26 MP: 4/4
  1035 | D:2      | Reached XP level 4. HP: 26/33 MP: 5/5
  2333 | D:3      | Reached XP level 5. HP: 38/39 MP: 6/6
  2981 | D:4      | Reached skill level 4 in Shields
  3019 | D:4      | HP: 1/40 [iguana (11)]
  3256 | D:4      | Noticed an ice beast
  3299 | D:3      | Reached XP level 6. HP: 45/47 MP: 7/7
  3502 | D:4      | Identified the +0 pair of gloves of the Garden {rN+ Will-
                  | rCorr}
  3676 | D:4      | Noticed a black bear
  3734 | D:4      | Found a burning altar of Makhleb.
  3734 | D:4      | Noticed an Executioner
  4077 | D:5      | Entered Level 5 of the Dungeon
  4344 | D:5      | Found an ancient bone altar of Kikubaaqudgha.
  4388 | D:5      | Reached XP level 7. HP: 29/53 MP: 8/8
  4523 | D:5      | Reached skill level 5 in Shields
  5694 | D:5      | Found a staircase to the Ecumenical Temple.
  5772 | D:5      | Reached skill level 1 in Long Blades
  5838 | D:5      | Reached XP level 8. HP: 54/61 MP: 9/9
  6304 | D:5      | Slain by an ogre

Illustrated notes

Levels and vault maps discovered:
D:1:      kennysheep_arrival_seaside, layout_basic, hangedman_decor_riveting,
          st_stairs_3
D:2:      layout_basic
D:3:      layout_basic, chequers_arboretum
D:4:      layout_cave_pods, makhleb_altar_promises_db
D:5:      layout_cave_pods, mainiacjoe_overflow_boulevard,
          minmay_temple_entry_glassed_door

Skill      XL: |  1  2  3  4  5  6  7 |
---------------+----------------------+-----
Fighting       | 2 3 4 |  4.8
Dodging        | 2 3 4 |  4.7
Shields        | 4 5 |  5.7
Long Blades    | 1 |  1.8
Armour         | |  1.6
Stealth        | |  1.0
Unarmed Combat | |  2.0
Spellcasting   | |  1.0

Action                     |  1- 3 |  4- 6 |  7- 9 || total
---------------------------+-------+-------+-------++-------
  Melee: Dagger            |   129 |   377 |   247 ||   753
    Use: Potion            |       |     5 |       ||     5
         Scroll            |       |       |     1 ||     1
   Stab: Sleeping          |     2 |     4 |       ||     6
 Armour: Leather armour    |    46 |    59 |       ||   105
         Ring mail         |       |    48 |    88 ||   136
  Dodge: Dodged            |    63 |   189 |   163 ||   415
  Block: Buckler           |    53 |   144 |   140 ||   337

Table legend: (Time is in decaauts)
 A = Elapsed time spent in this place.
 B = Non-inter-level travel time spent in this place.
 C = Inter-level travel time spent in this place.
 D = Time resting spent in this place.
 E = Time spent auto-exploring this place.
 F = Levels seen in this place.
 G = Mean time per level.
                   A        B        C        D        E       F      G
               +--------+--------+--------+--------+--------+-----+--------+
         Total |   6347 |   6068 |    279 |    757 |   3801 |   5 | 1269.4 |
       Dungeon |   6347 |   6068 |    279 |    757 |   3801 |   5 | 1269.4 |
               +--------+--------+--------+--------+--------+-----+--------+

Top non-repeatable levels by time:
     D:4: 1702 daAuts
     D:3: 1239 daAuts
     D:5: 1231 daAuts
     D:2: 1137 daAuts
     D:1: 1037 daAuts
